 Seeded DCSS version 0.30-a0-272-gf98c3da03f (webtiles) character file.

Game seed: 80085 (custom seed)

73 brknglss the Digger (level 4, -5/28 HPs)
             Began as an Octopode Earth Elementalist on Oct 15, 2022.
             Slain by Terence
             ... wielding a +6 vorpal morningstar
              (11 damage)
             ... on level 3 of the Dungeon.
             The game lasted 00:04:32 (2132 turns).

brknglss the Digger (Octopode Earth Elementalist)   Turns: 2132, Time: 00:04:32

Health: -5/28      AC:  1    Str:  7    XL:     4   Next: 27%
Magic:  3/7        EV: 17    Int: 19    God:
Gold:   142        SH:  0    Dex: 12    Spells: 4/8 levels left

rFire   . . .      SeeInvis .    c - +0 short sword
rCold   . . .      Faith    .    (no shield)
rNeg    . . .      Spirit   .    (helmet restricted)
rPois   .          Reflect  .    (no amulet)
rElec   .          Harm     .    b - +4 ring of evasion
rCorr   .          Rampage  .    (no ring)
Will    .....                    (no ring)
Stlth   +++.......               (no ring)
HPRegen 0.24/turn                (no ring)
MPRegen 0.10/turn                (no ring)
                                 (no ring)
                                 (no ring)

@: lethally poisoned (-5 -> -8), very slightly contaminated
A: almost no armour, amphibious, 8 rings, camouflage 1, gelatinous body 1,
(nimble swimmer 1), tentacles
a: no special abilities


You were on level 3 of the Dungeon.
You visited 1 branch of the dungeon, and saw 3 of its levels.

You collected 142 gold pieces.

Inventory:

Hand Weapons
 c - a +0 short sword (weapon)
Missiles
 e - 3 poisoned darts (quivered)
Jewellery
 b - a +4 ring of evasion (left tentacle)
Scrolls
 d - a scroll of magic mapping {unknown}
 h - 2 scrolls of identify {unknown}
 j - a scroll of vulnerability {unknown}
 k - a scroll of enchant armour {unknown}
 l - 2 scrolls of teleportation {unknown}
 m - a scroll of immolation {unknown}
Potions
 a - 2 potions of magic
 f - a potion of heal wounds {unknown}
 g - a potion of might {unknown}


   Skills:
 + Level 1.4 Fighting
 + Level 2.5 Dodging
 - Level 2.7 Stealth
 + Level 2.5 Spellcasting
 - Level 1.0 Transmutations
 * Level 3.9 Earth Magic


You had 4 spell levels left.
You knew the following spells:

 Your Spells              Type           Power      Damage    Failure   Level
a - Sandblast             Erth           34%        2d9       3%          1
b - Stone Arrow           Conj/Erth      18%        3d8       22%         3

Your spell library contained the following spells:

 Spells                   Type           Power      Damage    Failure   Level
 Passwall                 Tmut/Erth      9%         N/A       9%          2
 Beastly Appendage        Tmut           12%        N/A       11%         1
 Wereblood                Tmut           6%         N/A       16%         2
 Blink                    Tloc           4%         N/A       24%         2
 Momentum Strike          Conj/Tloc      4%         3d8       24%         2
 Static Discharge         Conj/Air       4%         2-3/arc   24%         2
 Spider Form              Tmut/Pois      4%         N/A       36%         3
 Lesser Beckoning         Tloc           4%         N/A       43%         3
 Vhi's Electric Charge    Tloc/Air       4%         N/A       43%         3
 Petrify                  Tmut/Erth      11%        N/A       50%         4
 Arcjolt                  Conj/Air       1%         1d11      99%         5
 Lightning Bolt           Conj/Air       1%         1d12      99%         5


Dungeon Overview and Level Annotations

Branches:
Dungeon (3/15)

Altars:

Shops:
D:2 =

Annotations:
D:3 Terence


Innate Abilities, Weirdness & Mutations

You cannot wear most types of armour.
You are amphibious.
You can wear up to eight rings at the same time.
Your skin changes colour to match your surroundings (Stealth+).
Your rubbery body absorbs attacks. (AC +1, EV +1)
((You are camouflaged when in or above water. (Stealth+)))
You have tentacles for arms and can constrict up to eight enemies at once.


Message History

Press: ? - help, Shift-Dir - straight line, f/p - Terence
Aim: Terence, wielding a +6 vorpal morningstar and wearing a +1 scale mail of poison resistance (84% to hit)
The blast of sand hits the adder!
The adder is almost dead.
The adder barely misses you. The adder misses you.
Casting: Sandblast (safe; 3% risk of failure)
Confirm with . or Enter, or press ? or * to list all spells.
Aiming: Sandblast (safe; 3% risk of failure)
Press: ? - help, Shift-Dir - straight line, f/p - Terence
Aim: Terence, wielding a +6 vorpal morningstar and wearing a +1 scale mail of poison resistance (84% to hit)
The blast of sand misses the adder.
The blast of sand hits Terence but does no damage.
The adder misses you. The adder bites you.
* * * LOW HITPOINT WARNING * * *
You are poisoned.
The adder poisons you! The kobold hits you with a +0 whip.
* * * LOW HITPOINT WARNING * * *
Casting: Sandblast (safe; 3% risk of failure)
Confirm with . or Enter, or press ? or * to list all spells.
Aiming: Sandblast (safe; 3% risk of failure)
Press: ? - help, Shift-Dir - straight line, f/p - Terence
Aim: Terence, wielding a +6 vorpal morningstar and wearing a +1 scale mail of poison resistance (84% to hit)
You miscast Sandblast.
You are very lightly contaminated with residual magic.
Nothing appears to happen.
You feel sick. The adder bites you but does no damage.
The kobold closely misses you. The adder completely misses you.
Casting: Sandblast (safe; 3% risk of failure)
Confirm with . or Enter, or press ? or * to list all spells.
Aiming: Sandblast (safe; 3% risk of failure)
Press: ? - help, Shift-Dir - straight line, f - adder, p - Terence
Aim: an adder (almost dead, 70% to hit)
The blast of sand hits the adder.
You kill the adder!
You feel sick. The kobold completely misses you. The kobold barely misses you.
Terence barely misses you.
You feel sick. Terence attacks as you move away!
Terence hits you with a +6 vorpal morningstar!
You die...

#...........
#........(#.#
#...$^....#.#
#.........#.#
#.........#.#
#......##.#.# #.###.##
.#.#######
#.###.###.#........
#.#.......#@.......
#....######@K......
######>.@## #........
#........# #.#######
#........#######'######
#.......................
#.........####..........
#......#..# #....).....
#......#..# #..........


You could see Terence and a kobold.

Vanquished Creatures
  3 adders
  2 dart slugs (D:1)
  5 bats
  2 endoplasms
  4 goblins
  5 hobgoblins
  5 quokkas
  2 ball pythons (D:1)
  4 frilled lizards
  5 kobolds
  6 rats
43 creatures vanquished.

Notes
Turn   | Place    | Note
-------+----------+-------------------------------------------
     0 | D:1      | brknglss the Octopode Earth Elementalist began the quest
                  | for the Orb.
     0 | D:1      | Reached XP level 1. HP: 11/11 MP: 3/3
    82 | D:1      | Reached XP level 2. HP: 13/17 MP: 0/5
   746 | D:1      | Reached XP level 3. HP: 15/22 MP: 6/6
  1209 | D:2      | Reached skill level 1 in Fighting
  1242 | D:2      | Learned a level 3 spell: Stone Arrow
  1438 | D:2      | Found Nohuosem's Jewellery Shop.
  1649 | D:2      | Reached XP level 4. HP: 28/28 MP: 2/7
  2096 | D:3      | Noticed Terence
  2132 | D:3      | Slain by Terence

Illustrated notes

Levels and vault maps discovered:
D:1:      sevenhm_arrival_forest_fort_small_3, layout_basic,
          wad_floor_pattern_2, chequers_serial_rivers_small_3
D:2:      layout_basic, serial_shops, nicolae_shop_statue_plus
D:3:      layout_basic, uniq_terence, uniq_sigmund

Skill      XL: |  1  2  3 |
---------------+----------+-----
Fighting       | 1 |  1.4
Dodging        | |  2.5
Stealth        | |  2.7
Spellcasting   | |  2.5
Transmutations | |  1.0
Earth Magic    | |  3.9

Action                   |  1- 3 |  4- 6 || total
-------------------------+-------+-------++-------
Melee: Unarmed           |     5 |       ||     5
       Constrict         |    12 |       ||    12
       Punch             |     1 |       ||     1
       Short sword       |    44 |       ||    44
       Tentacles         |    10 |       ||    10
Throw: Dart              |       |     5 ||     5
 Cast: Sandblast         |    24 |     9 ||    33
 Stab: Sleeping          |     4 |       ||     4
Armor: Skin              |     4 |     2 ||     6
Dodge: Dodged            |    55 |    18 ||    73

Table legend: (Time is in decaauts)
 A = Elapsed time spent in this place.
 B = Non-inter-level travel time spent in this place.
 C = Inter-level travel time spent in this place.
 D = Time resting spent in this place.
 E = Time spent auto-exploring this place.
 F = Levels seen in this place.
 G = Mean time per level.
                   A        B        C        D        E       F      G
               +--------+--------+--------+--------+--------+-----+--------+
         Total |   2147 |   2092 |     55 |    445 |   1248 |   3 |  715.7 |
       Dungeon |   2147 |   2092 |     55 |    445 |   1248 |   3 |  715.7 |
               +--------+--------+--------+--------+--------+-----+--------+

Top non-repeatable levels by time:
     D:1: 1186 daAuts
     D:2: 796 daAuts
     D:3: 163 daAuts
